 Dungeon Crawl Stone Soup version 0.28.0 (webtiles) character file.

Game seed: 12408350491977773304

14754 LustLizard the Cleaver (level 11, -6/145 HPs)
             Began as a Minotaur Berserker on Feb 8, 2022.
             Was an Elder of Trog.
             Mangled by a death yak (14 damage)
             ... on level 10 of the Dungeon.
             The game lasted 00:25:04 (11323 turns).

LustLizard the Cleaver (Minotaur Berserker)        Turns: 11323, Time: 00:25:04

Health: -6/145     AC: 13    Str: 34    XL:     11   Next: 92%
Magic:  0/10       EV:  8    Int:  6    God:    Trog [****..]
Gold:   406        SH:  5    Dex: 11    Spells: 10/10 levels left

rFire   . . .      SeeInvis +   M - +0 broad axe
rCold   . . .      Faith    .   u - +0 buckler
rNeg    . . .      Spirit   +   G - +0 plate armour
rPois   .          Reflect  .   (helmet restricted)
rElec   .          Harm     .   T - +0 cloak
rCorr   .          Rampage  .   (no gloves)
Will    .....                   C - +0 pair of boots
Stlth   ..........              v - amulet "Meric" {Spirit +Inv Str+5}
HPRegen 0.34/turn               j - ring of see invisible
MPRegen 0.12/turn               P - +6 ring of strength

@: berserking (expiring), very quick
A: horns 2, retaliatory headbutt
a: Renounce Religion, Evoke Invisibility, Berserk, Trog's Hand, Brothers in Arms


You were on level 10 of the Dungeon.
You worshipped Trog.
Trog was greatly pleased with you.
You visited 1 branch of the dungeon, and saw 10 of its levels.
You also visited: Sewer and Bailey.

You collected 518 gold pieces.
You spent 112 gold pieces at shops.

Inventory:

Hand Weapons
 M - a +0 broad axe (weapon)
Missiles
 l - 45 poisoned darts
 n - 110 stones (quivered)
 y - 28 boomerangs
 W - 6 curare-tipped darts
Armour
 u - a +0 buckler (worn)
 C - a +0 pair of boots (worn)
 G - a +0 plate armour (worn)
 T - a +0 cloak (worn)
Jewellery
 j - a ring of see invisible (left hand)
 v - the amulet "Meric" (around neck) {Spirit +Inv Str+5}
   (You found it on level 3 of the Dungeon)

   [amulet of guardian spirit]

   It causes incoming damage to be divided between your reserves of health and
   magic.
   Str:       It affects your strength (+5).
   +Inv:      It lets you turn invisible.
 P - a +6 ring of strength (right hand)
Wands
 k - a wand of polymorph (13)
 o - a wand of acid (2)
 s - a wand of charming (7)
 E - a wand of flame (9)
Scrolls
 h - 6 scrolls of teleportation
 p - a scroll of blinking
 q - a scroll of torment {unknown}
 w - a scroll of brand weapon {unknown}
 x - 2 scrolls of fear
 z - 2 scrolls of magic mapping {unknown}
 H - 3 scrolls of vulnerability {unknown}
 I - 2 scrolls of summoning
 L - 2 scrolls of enchant armour {unknown}
 O - a scroll of enchant weapon
 R - a scroll of fog
Potions
 g - a potion of mutation
 i - 4 potions of resistance
 t - 5 potions of curing
 A - a potion of attraction
 D - 3 potions of cancellation
 N - 2 potions of invisibility
 S - 2 potions of haste
 U - a potion of ambrosia


   Skills:
 + Level 9.5 Fighting
 * Level 12.8 Axes
 * Level 9.7 Throwing
 - Level 2.4 Armour
 - Level 2.1 Dodging
 - Level 7.5 Shields
 * Level 8.9 Evocations


You had 10 spell levels left.
You didn't know any spells.
Your spell library was empty.

Dungeon Overview and Level Annotations

Branches:
Dungeon (10/15)            Temple (0/1) D:6             Orc (0/2) D:10
  Sewer (visited)          Bailey (visited)
   Lair: D:8-11

Altars:
Ashenzari
Fedhas
Hepliaklqana
Kikubaaqudgha
Uskayaw
Xom
Zin
The Shining One

Shops:
D:7 *


Innate Abilities, Weirdness & Mutations

You have a pair of horns on your head.
You reflexively headbutt those who attack you in melee.


Message History

You kill the hell rat!
Trog accepts your kill.
You barely miss the death yak. You headbutt the death yak.
The death yak is heavily wounded.
The quokka twitches its whiskers.
The death yak gores you!
* * * LOW HITPOINT WARNING * * *
You hit the death yak.
The death yak is heavily wounded.
You slash the centaur warrior zombie!
The centaur warrior zombie barely misses you.
The centaur warrior zombie kicks you.
* * * LOW HITPOINT WARNING * * *
You block the death yak's attack.
You slice the death yak!!
The death yak is severely wounded.
You completely miss the centaur warrior zombie.
The centaur warrior zombie closely misses you.
You block the centaur warrior zombie's attack.
You slash the centaur warrior zombie!
You headbutt the centaur warrior zombie!
The centaur warrior zombie is heavily damaged.
You hit the death yak but do no damage. The centaur warrior zombie hits you!
* * * LOW HITPOINT WARNING * * *
You block the centaur warrior zombie's attack.
The death yak gores you!
* * * LOW HITPOINT WARNING * * *
You slice the death yak!!
You kill the death yak!
Trog accepts your kill.
You slice the centaur warrior zombie!! You slash the river rat!
You kill the river rat!
Trog accepts your kill.
Unknown command.
You hit the rat.
You kill the rat!
Trog accepts your kill.
You barely miss the death yak. The death yak gores you!
You die...

.................#
...........<.....#
............:....#
.................#
###.####.........#
#..###.........# .
#...#######.#### ...
#.#.# ##.######yrr..
#.#.# ####...:@Yyyyry..
#.#.#......###Z#####r..
###.#...##### #.....#
........# #####....
.#.####..... #. ##.#
####.. ##.# #..# ..##


You could see a death yak, 3 vampire mosquitoes, a hell rat, 2 killer bees, a
centaur warrior zombie, 2 quokkas and a rat.

Vanquished Creatures
  An orc warlord (Bailey)
  2 death yaks (D:10)
  Maurice (D:8)
  Joseph (D:7)
  A gargoyle (D:10)
  2 slime creatures (D:8)
  A vampire (D:9)
  12 yaks
  Eustachio (D:6)
  4 vampire mosquitoes (D:9)
  4 wargs (D:10)
  2 acid dragons (D:8)
  A water moccasin (Sewer)
  An ice beast (D:6)
  4 orc warriors
  A sky beast (D:7)
  5 black bears
  2 ogres (D:5)
  A phantom (D:4)
  4 kobold brigands
  Blork the orc (D:4)
  4 bullfrogs
  4 scorpions
  A water moccasin skeleton (D:5)
  2 killer bees (D:10)
  9 wights
  A crimson imp (D:6)
  7 jellies
  A bullfrog skeleton (D:5)
  5 hounds
  An orc priest (D:5)
  A centaur skeleton (D:7)
  An iguana (D:7)
  Natasha (thrice) (D:2)
  5 orc wizards
  A hell rat (D:10)
  A killer bee zombie (D:6)
  A hound skeleton (D:4)
  A howler monkey zombie (D:8)
  2 gnolls (Bailey)
  A howler monkey skeleton (D:7)
  6 adders
  A river rat (D:10)
  3 white imps
  An adder skeleton (D:4)
  A dart slug (D:4)
  A worm (D:2)
  26 orcs
  11 endoplasms
  4 giant cockroaches (D:3)
  10 goblins
  8 hobgoblins
  4 jackals
  27 kobolds
  6 quokkas
  8 ball pythons
  5 bats
  3 frilled lizards
  8 rats
237 creatures vanquished.

Vanquished Creatures (others)
  5 fungi (D:8)
  8 toadstools (D:8)
13 creatures vanquished.

Grand Total: 250 creatures vanquished

Notes
Turn   | Place    | Note
-------+----------+-------------------------------------------
     0 | D:1      | LustLizard the Minotaur Berserker began the quest for the
                  | Orb.
     0 | D:1      | Reached XP level 1. HP: 19/19 MP: 0/0
   346 | D:1      | Reached skill level 4 in Axes
   479 | D:1      | Reached XP level 2. HP: 26/27 MP: 1/1
   729 | D:2      | Noticed Natasha
   735 | D:2      | Killed Natasha
   736 | D:2      | Reached XP level 3. HP: 31/33 MP: 2/2
   754 | D:2      | Found a faded altar of an unknown god.
   851 | D:2      | Noticed Natasha
   855 | D:2      | Killed Natasha
   855 | D:2      | Reached ** piety under Trog
   856 | D:2      | Reached skill level 5 in Axes
   856 | D:2      | Reached XP level 4. HP: 41/41 MP: 3/3
  1111 | D:2      | Noticed Natasha
  1118 | D:2      | Killed Natasha
  1825 | D:3      | Found a glowing drain.
  1848 | Sewer    | Entered a sewer
  1936 | Sewer    | Noticed a water moccasin
  1947 | Sewer    | Killed a water moccasin
  1948 | Sewer    | Reached skill level 5 in Fighting
  1948 | Sewer    | Reached skill level 6 in Axes
  1948 | Sewer    | Reached skill level 1 in Throwing
  1948 | Sewer    | Reached skill level 1 in Evocations
  1948 | Sewer    | Reached XP level 5. HP: 48/48 MP: 4/4
  2137 | D:3      | Reached XP level 6. HP: 48/56 MP: 5/5
  2246 | D:3      | Identified the amulet "Meric" {Spirit +Inv Str+5}
  2775 | D:3      | Identified the +0 ring mail "Teos" {rN+ rCorr}
  3251 | D:4      | Noticed Blork the orc
  3263 | D:4      | Killed Blork the orc
  3264 | D:4      | Reached skill level 1 in Shields
  3625 | D:4      | Reached XP level 7. HP: 61/61 MP: 6/6
  4049 | D:5      | Entered Level 5 of the Dungeon
  4173 | D:5      | Reached skill level 7 in Axes
  4813 | D:5      | Reached XP level 8. HP: 70/70 MP: 7/7
  4951 | D:5      | Found a broken altar of Ashenzari.
  5288 | D:6      | Reached skill level 8 in Axes
  5451 | D:6      | Reached *** piety under Trog
  5452 | D:6      | Reached skill level 5 in Shields
  5473 | D:6      | Reached skill level 5 in Throwing
  5484 | D:6      | Reached XP level 9. HP: 21/78 MP: 8/8
  6090 | D:6      | Found a staircase to the Ecumenical Temple.
  6260 | D:6      | Reached skill level 9 in Axes
  6260 | D:6      | Reached skill level 5 in Evocations
  6472 | D:6      | Noticed Eustachio
  6488 | D:6      | Killed Eustachio
  6629 | D:7      | Found Kiykh's Assorted Antiques.
  6637 | D:7      | Bought a scroll of identify for 56 gold pieces
  6637 | D:7      | Bought a scroll of identify for 56 gold pieces
  6705 | D:7      | Found a shimmering altar of Xom.
  6708 | D:7      | Found an ancient bone altar of Kikubaaqudgha.
  6722 | D:7      | Found a hide-covered altar of Uskayaw.
  6726 | D:7      | Found a glowing golden altar of the Shining One.
  7152 | D:7      | Found a hazy altar of Hepliaklqana.
  7155 | D:7      | Found a glowing silver altar of Zin.
  7159 | D:7      | Found a blossoming altar of Fedhas.
  7181 | D:7      | Noticed Joseph
  7196 | D:7      | Killed Joseph
  7562 | D:8      | Found a flagged portal.
  7583 | Bailey   | Entered a bailey
  7588 | Bailey   | Noticed an orc warlord
  7704 | Bailey   | Reached **** piety under Trog
  7858 | Bailey   | Found a runed translucent gate.
  7866 | Bailey   | Found a runed translucent gate.
  7868 | Bailey   | Found a runed translucent gate.
  8030 | Bailey   | Killed an orc warlord
  8031 | Bailey   | Reached skill level 10 in Axes
  8031 | Bailey   | Reached XP level 10. HP: 25/86 MP: 1/9
  8340 | Bailey   | Reached skill level 11 in Axes
  8340 | Bailey   | Reached XP level 11. HP: 95/95 MP: 10/10
  8883 | D:8      | Noticed Maurice
  8897 | D:8      | Killed Maurice
  9595 | D:8      | Reached skill level 12 in Axes
 10986 | D:10     | Entered Level 10 of the Dungeon
 11090 | D:10     | Found a staircase to the Orcish Mines.
 11287 | D:10     | Noticed a death yak
 11291 | D:10     | Noticed a death yak
 11298 | D:10     | Noticed a death yak
 11312 | D:10     | Killed a death yak
 11320 | D:10     | HP: 7/145 [death yak (13)]
 11321 | D:10     | Killed a death yak
 11323 | D:10     | Mangled by a death yak

Illustrated notes

Levels and vault maps discovered:
D:1:      scummos_arrival_star, layout_basic
D:2:      layout_rooms, ebering_ecumenical_altar_rust, interstate_on_off,
          minmay_pentomino_p2, uniq_natasha
D:3:      layout_loops_ring, portal_sewer_entry_f
D:4:      layout_basic, uniq_blork_the_orc
D:5:      layout_basic, kennysheep_mini
D:6:      layout_rooms, minmay_temple_entry_grid, minmay_fire_ice_demons,
          uniq_eustachio
D:7:      layout_rooms, nicolae_overflow_hallway_of_the_gods, serial_rivers,
          chequers_serial_rivers_micro_d, chequers_serial_rivers_large_a,
          chequers_serial_rivers_marsh, chequers_serial_rivers_room_b,
          chequers_serial_rivers_room_a, chequers_serial_rivers_micro_c,
          serial_shops, shop, uniq_joseph
D:8:      cheibrodos_fertilizer, layout_loops_ring, enter_bailey_5, uniq_maurice
D:9:      layout_loops_corners, serial_aquarium, aquarium_bridge_island_small
          [aquarium_subvault_small_open, aquarium_subvault_window,
          aquarium_subvault_bridge, aquarium_subvault_balcony,
          aquarium_subvault_wall], aquarium_window_fake, aquarium_window_2,
          aquarium_view_2c
D:10:     cheibrodos_shockbox, layout_rooms, grunt_gozag_statues,
          nicolae_overflow_hidden_temple, dpeg_lair_monsters,
          minmay_orc_entry_guard_dogs

Skill      XL: |  1  2  3  4  5  6  7  8  9 10 11 |
---------------+----------------------------------+-----
Axes           | 4 5 6 7 8 10 11 12 | 12.8
Fighting       | 4 5 6 7 8 9 |  9.5
Throwing       | 1 2 3 5 6 8 9 |  9.7
Evocations     | 1 2 3 4 6 7 8 |  8.9
Shields        | 2 3 5 7 |  7.5
Armour         | |  2.4
Dodging        | |  2.1

Action                   |  1- 3 |  4- 6 |  7- 9 | 10-12 || total
-------------------------+-------+-------+-------+-------++-------
Melee: Hand axe          |    40 |   146 |    16 |       ||   202
       Headbutt          |     3 |    26 |    61 |    35 ||   125
       Punch             |     2 |       |       |       ||     2
       War axe           |       |       |   247 |       ||   247
       Broad axe         |       |       |    16 |   168 ||   184
Throw: Stone             |       |    37 |   180 |    62 ||   279
       Boomerang         |       |       |       |     1 ||     1
Invok: Berserk           |       |     4 |     4 |     2 ||    10
       Trog's Hand       |       |     1 |       |       ||     1
  Use: Scroll            |       |     1 |     9 |     5 ||    15
       Potion            |       |       |       |     2 ||     2
Armor: Ring mail         |     5 |    15 |       |       ||    20
       Chain mail        |       |    34 |    61 |       ||    95
       Plate armour      |       |       |    29 |    68 ||    97
Dodge: Dodged            |    19 |    49 |    75 |    50 ||   193
Block: Other             |     6 |    20 |       |       ||    26
       Buckler           |       |    18 |   119 |    45 ||   182
       Reflection        |       |     4 |     3 |       ||     7
